 Dungeon Crawl Stone Soup version 0.29.0-5-ge4962eb29e (webtiles) character file.

Game seed: 1514118126673662533

1019 Sobieck the Fighter (level 8, -3/83 (88) HPs)
             Began as an Ogre Transmuter on Aug 28, 2022.
             Slain by a wight
             ... wielding a +4 halberd
              (4 damage)
             ... on level 5 of the Dungeon.
             The game lasted 00:08:27 (4917 turns).

Sobieck the Fighter (Ogre Transmuter)               Turns: 4917, Time: 00:08:27

HP:   -3/83 (88)    AC: 11    Str: 17    XL:     8   Next: 22%
MP:   11/11         EV:  9    Int: 16    God:
Gold: 250           SH:  0    Dex:  9    Spells: 8/11 levels left

rFire   . . .      SeeInvis .   w - +9 hand axe "Ogre's Bane" {vorpal, Int+2, axe}
rCold   + . .      Faith    .   (no shield)
rNeg    . . .      Spirit   .   C - +2 robe {rC+}
rPois   .          Reflect  .   B - +2 hat
rElec   .          Harm     .   (no cloak)
rCorr   .          Rampage  .   (gloves unavailable)
Will    .....                   (boots unavailable)
Stlth   +.........              D - amulet of the acrobat
HPRegen 0.23/turn               F - +4 ring of protection
MPRegen 0.12/turn               (no ring)

@: drained
A: large, unfitting armour, tough skin 1
a: no special abilities


You were on level 5 of the Dungeon.
You visited 1 branch of the dungeon, and saw 5 of its levels.

You collected 250 gold pieces.


Innate Abilities, Weirdness & Mutations

You are too large for most types of armour.
You have tough skin. (AC +1)


   Skills:
 + Level 8.2 Fighting
 - Level 1.7 Dodging
 - Level 4.0 Unarmed Combat
 - Level 2.4 Spellcasting
 + Level 5.8 Transmutations


You had 8 spell levels left.
You knew the following spells:

 Your Spells              Type           Power      Damage    Failure   Level
a - Beastly Appendage     Tmut           40%        N/A       1%          1
b - Wereblood             Tmut           20%        N/A       2%          2

Your spell library contained the following spells:

 Spells                   Type           Power      Damage    Failure   Level
 Spider Form              Tmut/Pois      11%        N/A       19%         3
 Ice Form                 Ice/Tmut       11%        N/A       52%         4

Inventory:

Hand Weapons
 c - a +0 dagger {short}
   (You found it on level 1 of the Dungeon)
 d - a +0 whip {mace}
   (You took it off a kobold on level 1 of the Dungeon)
 f - a +1 dagger of protection {short}
   (You took it off a goblin on level 1 of the Dungeon)
 g - a +0 dagger {short}
   (You took it off a kobold on level 1 of the Dungeon)
 i - a +0 dagger {short}
   (You took it off a goblin on level 1 of the Dungeon)
 w - the +9 hand axe "Ogre's Bane" (weapon) {vorpal, Int+2, axe}
   (You found it on level 2 of the Dungeon)

   It inflicts extra damage upon your enemies.
   Int:       It affects your intelligence (+2).
Missiles
 e - 36 stones {throwing}
 E - 12 poisoned darts (quivered) {throwing}
 G - 3 boomerangs of dispersal {=f!fthrowing}
Armour
 a - a +0 robe
 o - a +0 cloak
   (You found it on level 1 of the Dungeon)
 y - a +0 robe
   (You took it off Sigmund on level 3 of the Dungeon)
 B - a +2 hat (worn)
   (You found it on level 3 of the Dungeon)
 C - a +2 robe of cold resistance (worn)
   (You took it off Jessica on level 3 of the Dungeon)
 J - a +0 robe
   (You took it off an orc wizard on level 5 of the Dungeon)
Jewellery
 D - an amulet of the acrobat (around neck)
   (You found it on level 3 of the Dungeon)
 F - a +4 ring of protection (left hand)
   (You found it on level 4 of the Dungeon)
Wands
 r - a wand of roots (8)
   (You found it on level 2 of the Dungeon)
 t - a wand of polymorph (4)
   (You took it off Ijyb on level 5 of the Dungeon)
 x - a wand of flame (21)
   (You found it on level 5 of the Dungeon)
 I - a wand of charming (9)
   (You found it on level 5 of the Dungeon)
Scrolls
 h - a scroll of immolation {!r!r}
 j - a scroll of blinking {unknown}
 m - a scroll of poison {!r}
 q - 2 scrolls of vulnerability {!r!r}
 z - 4 scrolls of magic mapping {!r}
 A - 3 scrolls of teleportation {@r4}
 H - a scroll of summoning
Potions
 b - 2 potions of lignification {!q}
 k - 3 potions of invisibility
 l - a potion of magic
 n - 3 potions of curing {@q1}
 p - a potion of might
 s - a potion of flight
 u - a potion of berserk rage {!q}
 v - 2 potions of degeneration {!q@e2}

Dungeon Overview and Level Annotations

Branches:
Dungeon (5/15) Zot: 25032
 Temple: D:4-7

Altars:
Ru

.....................#
...##................#
..##.#....[..#######..
..#.#.#.......########
...#.##......).....#
....##.#.....#####
......#.#....#####
..s....##......))#
.........#....##@##
.o............##.z##
#......##..##)###..#####
.......###.............####..##
#......# #..###.###...........
#o.o.... ##. #..####..####.# .
.#..####......#### ##
#.......##..#####.# #
#.##.#...####..#


You could see a wight.


Message History

You hit the orc. You hit something. You slash something!
Reactivating autopickup.
You feel a bit more experienced. The orc hits you with a +0 hand axe.
You have reached level 8!
Danger!
You hit the orc.
You kill the orc!
J - a +0 robe
Items here: ))) ††.
Unknown command.
Unknown command.
Unknown command.
Items here: ))) ††.
An ufetubus comes into view.
Danger!
The ufetubus completely misses you. The ufetubus closely misses you.
You closely miss the ufetubus.
The ufetubus hits you but does no damage.
The ufetubus closely misses you. x2; The ufetubus hits you.
You closely miss the ufetubus. The ufetubus barely misses you.
The ufetubus completely misses you. The ufetubus hits you.
The ufetubus hits you but does no damage.
You closely miss the ufetubus.
The ufetubus hits you but does no damage.
The ufetubus hits you.
The ufetubus hits you but does no damage.
The ufetubus closely misses you.
You slash the ufetubus!
You kill the ufetubus!
No target in view!
No target in view!
You now have 250 gold pieces (gained 2).
You open the door. 4 wights come into view.
A wight is wielding a +0 long sword and wearing a +1 robe of willpower.
Found a sacrificial altar of Ru.
Danger!
The wight attacks as you move away!
The wight hits you with a +4 dire flail.
You feel drained.
Unknown command.
Unknown command.
You barely miss the wight.
The wight hits you with a +4 dire flail!
You slash the wight! Your punch misses the wight.
The wight completely misses you.
The wight hits you with a +4 dire flail!
You feel drained.
You slash the wight!
You destroy the wight!
You hit the wight. The wight hits you but does no damage.
The wight barely misses you.
Unknown command.
You slash the wight!
You destroy the wight!
The wight closely misses you. The wight barely misses you.
Your life force feels restored.
Your Fighting skill increases to level 8!
The wight hits you with a +0 halberd!
You feel drained.
The wight hits you from afar with a +4 halberd.
Items here: )) [[.
You slash the wight! The wight misses you. The wight barely misses you.
You closely miss the wight. The wight hits you with a +0 halberd!
* * * LOW HITPOINT WARNING * * *
You feel drained.
* * * LOW HITPOINT WARNING * * *
The wight barely misses you.
You closely miss the wight. The wight barely misses you.
The wight hits you with a +0 halberd.
* * * LOW HITPOINT WARNING * * *
The wight hits you from afar with a +4 halberd.
* * * LOW HITPOINT WARNING * * *
The wight barely misses you. The wight closely misses you.
Unknown command.
You barely miss the wight. x2; The wight hits you but does no damage.
The wight barely misses you.
Unknown command.
You hit the wight.
You destroy the wight!
You slash the wight! The wight hits you with a +4 halberd!
* * * LOW HITPOINT WARNING * * *
You feel drained.
* * * LOW HITPOINT WARNING * * *
You closely miss the wight. Your punch misses the wight.
The wight hits you but does no damage.
You closely miss the wight. The wight hits you with a +4 halberd.
* * * LOW HITPOINT WARNING * * *
The wight barely misses you.
Unknown command.
You closely miss the wight. The wight hits you with a +4 halberd!
* * * LOW HITPOINT WARNING * * *
You hit the wight. The wight hits you but does no damage.
You closely miss the wight. The wight barely misses you.
The wight hits you with a +4 halberd.
* * * LOW HITPOINT WARNING * * *
You hit the wight but do no damage. The wight hits you with a +4 halberd.
You die...

Skill      XL: |  1  2  3  4  5  6  7  8 |
---------------+-------------------------+-----
Fighting       | 2 4 6 7 8 |  8.2
Unarmed Combat | 3 4 |  4.0
Transmutations | 2 3 4 5 |  5.8
Dodging        | |  1.7
Spellcasting   | |  2.4

Action                   |  1- 3 |  4- 6 |  7- 9 || total
-------------------------+-------+-------+-------++-------
Melee: Unarmed           |   115 |       |       ||   115
       Headbutt          |     7 |       |       ||     7
       Kick              |    15 |       |       ||    15
       Punch             |     1 |       |     4 ||     5
       Hand axe          |    13 |    67 |    72 ||   152
Throw: Dart              |       |     2 |       ||     2
 Cast: Beastly Appendage |    20 |       |       ||    20
  Use: Scroll            |       |       |    15 ||    15
 Stab: Sleeping          |       |     1 |       ||     1
Armor: Robe              |    69 |    31 |    30 ||   130
       Skin              |       |       |     6 ||     6
Dodge: Dodged            |    83 |    36 |    42 ||   161

Levels and vault maps discovered:
D:1:      co_arrival_square_in_a_square_in_a_square, layout_basic,
          dreamdust_ecumenical_altar_drowned_temple, st_stairs_3,
          dreamdust_princess_corridor
D:2:      layout_loops_ring, minmay_misc_feat_rows
D:3:      layout_basic, st_stairs_14, uniq_sigmund, uniq_jessica
D:4:      layout_basic
D:5:      layout_rooms, kennysheep_little_box, minmay_misc_feat_secret_circle,
          hangedman_decor_push, kennysheep_generic_room_4, uniq_duvessa,
          uniq_ijyb

Notes
Turn   | Place    | Note
-------+----------+-------------------------------------------
     0 | D:1      | Sobieck the Ogre Transmuter began the quest for the Orb.
     0 | D:1      | Reached XP level 1. HP: 19/19 MP: 3/3
    94 | D:1      | Reached skill level 2 in Fighting
   233 | D:1      | Reached XP level 2. HP: 21/28 MP: 5/5
   406 | D:1      | Found a faded altar of an unknown god.
   533 | D:1      | Reached skill level 3 in Unarmed Combat
   558 | D:1      | Reached skill level 2 in Transmutations
   747 | D:1      | HP: 7/29 [kobold/+0 whip (4)]
  1230 | D:1      | Reached XP level 3. HP: 36/36 MP: 4/6
  2096 | D:2      | Identified the +9 hand axe "Ogre's Bane" {vorpal, Int+2}
  2125 | D:2      | Reached skill level 3 in Fighting
  2459 | D:3      | Noticed Sigmund
  2593 | D:3      | Killed Sigmund
  2594 | D:3      | Reached skill level 4 in Fighting
  2594 | D:3      | Reached skill level 4 in Unarmed Combat
  2594 | D:3      | Reached skill level 3 in Transmutations
  2594 | D:3      | Reached XP level 4. HP: 37/49 MP: 7/7
  2594 | D:3      | Reached XP level 5. HP: 41/55 MP: 8/8
  2692 | D:3      | Reached XP level 6. HP: 36/63 MP: 9/9
  3069 | D:3      | Noticed Jessica
  3079 | D:3      | Killed Jessica
  3080 | D:3      | Reached skill level 5 in Fighting
  3446 | D:4      | Reached skill level 4 in Transmutations
  3612 | D:4      | Reached skill level 6 in Fighting
  3612 | D:4      | Reached XP level 7. HP: 62/75 MP: 10/10
  3615 | D:4      | Learned a level 2 spell: Wereblood
  4560 | D:5      | Entered Level 5 of the Dungeon
  4643 | D:5      | Noticed Ijyb
  4653 | D:5      | Killed Ijyb
  4654 | D:5      | Reached skill level 7 in Fighting
  4722 | D:4      | Reached skill level 5 in Transmutations
  4802 | D:5      | Reached XP level 8. HP: 87/88 MP: 11/11
  4881 | D:5      | Found a sacrificial altar of Ru.
  4905 | D:5      | Reached skill level 8 in Fighting
  4911 | D:5      | HP: 19/84 [wight/+4 halberd (10)]
  4914 | D:5      | HP: 6/83 [wight/+4 halberd (8)]
  4916 | D:5      | HP: 1/83 [wight/+4 halberd (6)]
  4917 | D:5      | Slain by a wight

Vanquished Creatures
  Sigmund (D:3)
  An ogre (D:4)
  A phantom (D:4)
  4 scorpions (D:4)
  3 wights (D:5)
  A hound (D:4)
  An orc priest (D:5)
  Jessica (D:3)
  An iguana (D:4)
  Ijyb (D:5)
  An orc wizard (D:5)
  6 adders
  An ufetubus (D:5)
  A worm (D:4)
  2 dart slugs
  11 orcs
  An endoplasm (D:3)
  4 giant cockroaches
  4 goblins
  5 hobgoblins
  4 jackals (D:2)
  4 quokkas
  5 ball pythons
  9 bats
  3 frilled lizards
  11 kobolds
  4 rats
  A spectral goblin (D:1)
92 creatures vanquished.

Table legend:
 A = Non-vault XP
 B = Vault XP
 C = Vault XP percentage of total XP
 D = Non-vault monster count
 E = Vault monster count
 F = Vault count percentage of total count
                 A         B        C        D         E       F
            +---------+---------+-------+---------+---------+-------
      Total |    1153 |     304 |  20.9 |      84 |       8 |   8.7
            +---------+---------+-------+---------+---------+-------
        D:1 |      36 |       7 |  16.3 |      24 |       4 |  14.3
        D:2 |      32 |       0 |   0.0 |      11 |       0 |   0.0
        D:3 |      79 |     261 |  76.8 |      17 |       3 |  15.0
        D:4 |     685 |       0 |   0.0 |      23 |       0 |   0.0
        D:5 |     321 |      36 |  10.1 |       9 |       1 |  10.0
            +---------+---------+-------+---------+---------+-------

Illustrated notes

Table legend:
 A = Kills in this place as a percentage of kills in entire the game.
 B = Kills by you in this place as a percentage of kills by you in the entire game.
 C = Kills by friends in this place as a percentage of kills by friends in the entire game.
 D = Other kills in this place as a percentage of other kills in the entire game.
 E = Experience gained in this place as a percentage of experience gained in the entire game.
 F = Experience gained in this place divided by the number of levels of this place that you have seen.
                   A       B       C       D       E      F
               +-------+-------+-------+-------+-------+----------------------
         Total | 100.0 | 100.0 |   N/A |   N/A | 100.0 | 291.4
       Dungeon | 100.0 | 100.0 |   N/A |   N/A | 100.0 | 291.4
               +-------+-------+-------+-------+-------+----------------------

Table legend: (Time is in decaauts)
 A = Elapsed time spent in this place.
 B = Non-inter-level travel time spent in this place.
 C = Inter-level travel time spent in this place.
 D = Time resting spent in this place.
 E = Time spent auto-exploring this place.
 F = Levels seen in this place.
 G = Mean time per level.
                   A        B        C        D        E       F      G
               +--------+--------+--------+--------+--------+-----+--------+
         Total |   4966 |   4870 |     96 |    723 |   3366 |   5 |  993.2 |
       Dungeon |   4966 |   4870 |     96 |    723 |   3366 |   5 |  993.2 |
               +--------+--------+--------+--------+--------+-----+--------+

Top non-repeatable levels by time:
     D:1: 1657 daAuts
     D:4: 1204 daAuts
     D:3: 945 daAuts
     D:2: 826 daAuts
     D:5: 331 daAuts
